TOP OF THE 1ST |
Mountain Pointe HS batting - Pitching for Fresno HS Red Wings : LHP José Schneider
|
Pitching: LHP José Schneider
|
|
Batting: LHB Jesús Romero
|
0-0: Ball 1-0: Swinging Strike 1-1: Called Strike 1-2: Strikes out swinging
|
Batting: SHB Jerry Vaughn
|
0-0: Ball 1-0: Swinging Strike 1-1: Fly out, F7 (Line Drive, 7)
|
Batting: LHB Benny Lawson
|
0-0: Ball 1-0: Called Strike 1-1: Ball 2-1: Foul Ball, location: 2F 2-2: Ball 3-2: Base on Balls
|
Batting: RHB Reggie Snyder
|
0-0: Ball 1-0: Ball 2-0: SINGLE (Flyball, 78S) Benny Lawson to second
|
Batting: RHB Vicente Correa
|
0-0: Fly out, F8 (Flyball, 8RM)
|
Top of the 1st over - 0 run(s), 1 hit(s), 0 error(s), 2 left on base; Mountain Pointe HS 0 - Fresno HS 0 |
BOTTOM OF THE 1ST |
Fresno HS Red Wings batting - Pitching for Mountain Pointe HS : RHP Nick Simmons
|
Pitching: RHP Nick Simmons
|
|
Batting: RHB Adrián Velásquez
|
0-0: Ball 1-0: Called Strike 1-1: Called Strike 1-2: Ball 2-2: Strikes out looking
|
Batting: RHB Harry Payne
|
0-0: Ball 1-0: Ball 2-0: Ball 3-0: Base on Balls
|
Batting: RHB Thomas English
|
0-0: Called Strike 0-1: Ball 1-1: Foul Ball, location: 2F 1-2: Fly out, F9 (Flyball, 9LD)
|
Batting: SHB Xavier Stout
|
0-0: Foul Ball, location: 2F 0-1: Ball 1-1: Fly out, F8 (Flyball, 8LM)
|
Bottom of the 1st over - 0 run(s), 0 hit(s), 0 error(s), 1 left on base; Mountain Pointe HS 0 - Fresno HS 0 |
TOP OF THE 2ND |
Mountain Pointe HS batting - Pitching for Fresno HS Red Wings : LHP José Schneider
|
Batting: RHB Bill Wells
|
0-0: Foul Ball, location: 2F 0-1: Swinging Strike 0-2: Strikes out looking
|
Batting: RHB Richard Bass
|
0-0: Called Strike 0-1: Ball 1-1: Called Strike 1-2: Strikes out looking
|
Batting: LHB Johnny Beach
|
0-0: Foul Ball, location: 2F 0-1: Foul Ball, location: 2F 0-2: Reached on error, E4 (Groundball, 4)
|
Batting: LHB Rob Johnson
|
0-0: Ball 1-0: 2-RUN HOME RUN (Flyball, 78XD), Distance : 377 ft
|
Batting: LHB Jesús Romero
|
0-0: Ball 1-0: Foul Ball, location: 2F 1-1: SOLO HOME RUN (Flyball, 89XD), Distance : 366 ft
|
Batting: SHB Jerry Vaughn
|
0-0: Called Strike 0-1: Ball 1-1: Swinging Strike 1-2: Ground out 4-3 (Groundball, 4S)
|
Top of the 2nd over - 3 run(s), 2 hit(s), 1 error(s), 0 left on base; Mountain Pointe HS 3 - Fresno HS 0 |
BOTTOM OF THE 2ND |
Fresno HS Red Wings batting - Pitching for Mountain Pointe HS : RHP Nick Simmons
|
Batting: RHB Bob Howard
|
0-0: Ball 1-0: Ball 2-0: Called Strike 2-1: Foul Ball, location: 2F 2-2: Foul Ball, location: 2F 2-2: Strikes out swinging
|
Batting: RHB Roberto Santos
|
0-0: Ball 1-0: Called Strike 1-1: Foul Ball, location: 2F 1-2: Ball 2-2: Foul Ball, location: 2F 2-2: Ball 3-2: Strikes out swinging
|
Batting: RHB Luis Mata
|
0-0: Ball 1-0: Foul Ball, location: 2F 1-1: Swinging Strike 1-2: Foul Ball, location: 2F 1-2: Ball 2-2: SINGLE (Line Drive, 8LS)
|
Batting: RHB Harvey Willis
|
0-0: Ball 1-0: Called Strike 1-1: Foul Ball, location: 2F 1-2: SINGLE (Groundball, 56S) (infield hit) Luis Mata to second
|
Batting: RHB Drew Rice
|
0-0: Called Strike 0-1: Ball 1-1: 3-RUN HOME RUN (Flyball, 9D), Distance : 354 ft
|
Batting: RHB Adrián Velásquez
|
0-0: Ball 1-0: Ball 2-0: Ball 3-0: Called Strike 3-1: SOLO HOME RUN (Line Drive, 7D), Distance : 362 ft
|
Batting: RHB Harry Payne
|
0-0: Called Strike 0-1: Ball 1-1: Ball 2-1: Foul Ball, location: 2F 2-2: Ball 3-2: Strikes out swinging
|
Bottom of the 2nd over - 4 run(s), 4 hit(s), 0 error(s), 0 left on base; Mountain Pointe HS 3 - Fresno HS 4 |
TOP OF THE 3RD |
Mountain Pointe HS batting - Pitching for Fresno HS Red Wings : LHP José Schneider
|
Batting: LHB Benny Lawson
|
0-0: Ball 1-0: Called Strike 1-1: Ball 2-1: DOUBLE (Line Drive, 9LM)
|
Batting: RHB Reggie Snyder
|
0-0: Ground out 1-3 (Groundball, 15S)
|
Batting: RHB Vicente Correa
|
0-0: Called Strike 0-1: Ball 1-1: Fly out, F7 (Flyball, 78M)
|
Batting: RHB Bill Wells
|
0-0: Called Strike 0-1: Swinging Strike 0-2: Ball 1-2: Ball 2-2: Ball 3-2: Reached on error, E6 (Groundball, 56) Benny Lawson to third
|
Batting: RHB Richard Bass
|
0-0: Called Strike 0-1: Called Strike 0-2: Ball 1-2: Strikes out swinging
|
Top of the 3rd over - 0 run(s), 1 hit(s), 1 error(s), 2 left on base; Mountain Pointe HS 3 - Fresno HS 4 |
BOTTOM OF THE 3RD |
Fresno HS Red Wings batting - Pitching for Mountain Pointe HS : RHP Nick Simmons
|
Batting: RHB Thomas English
|
0-0: Called Strike 0-1: Ball 1-1: SINGLE (Line Drive, 6)
|
Batting: SHB Xavier Stout
|
0-0: Ball 1-0: Foul Ball, location: 2F 1-1: Called Strike 1-2: Foul Ball, location: 2F 1-2: Ball 2-2: Reached on error, E1 (Groundball, 13S) Thomas English to second
|
Batting: RHB Bob Howard
|
0-0: Called Strike Thomas English is caught stealing 3rd base Xavier Stout to second 0-1: Ball 1-1: Ball 2-1: Foul Ball, location: 2F 2-2: Ball 3-2: Fly out, F9 (Flyball, 9LMF)
|
Batting: RHB Roberto Santos
|
0-0: Foul Ball, location: 2F 0-1: Foul Ball, location: 2F 0-2: Ball 1-2: SINGLE (Groundball, 56D) Xavier Stout to third Runner from 3rd tries for Home, SAFE, no throw
|
Batting: RHB Luis Mata
|
0-0: Ball 1-0: Called Strike 1-1: Called Strike 1-2: Foul Ball, location: 2F 1-2: Reached on error, E4 (Groundball, 4) Roberto Santos to second
|
Batting: RHB Harvey Willis
|
0-0: Called Strike 0-1: Ball 1-1: Swinging Strike 1-2: Ball 2-2: Foul Ball, location: 2F 2-2: Strikes out swinging
|
Bottom of the 3rd over - 1 run(s), 2 hit(s), 2 error(s), 2 left on base; Mountain Pointe HS 3 - Fresno HS 5 |
TOP OF THE 4TH |
Mountain Pointe HS batting - Pitching for Fresno HS Red Wings : LHP José Schneider
|
Batting: LHB Johnny Beach
|
0-0: Called Strike 0-1: Ball 1-1: Ground out 4-3 (Groundball, 4)
|
Batting: LHB Rob Johnson
|
0-0: Called Strike 0-1: Ball 1-1: Foul Ball, location: 2F 1-2: Strikes out swinging
|
Batting: LHB Jesús Romero
|
0-0: Called Strike 0-1: Ball 1-1: Called Strike 1-2: Foul Ball, location: 2F 1-2: Ball 2-2: Ball 3-2: SOLO HOME RUN (Line Drive, 9D), Distance : 332 ft
|
Batting: SHB Jerry Vaughn
|
0-0: Called Strike 0-1: Swinging Strike 0-2: Ball 1-2: Strikes out looking
|
Top of the 4th over - 1 run(s), 1 hit(s), 0 error(s), 0 left on base; Mountain Pointe HS 4 - Fresno HS 5 |
BOTTOM OF THE 4TH |
Fresno HS Red Wings batting - Pitching for Mountain Pointe HS : RHP Nick Simmons
|
Pitching: RHP Mike Barnett
|
|
Batting: RHB Drew Rice
|
0-0: Ball 1-0: Ball 2-0: Ball 3-0: Called Strike 3-1: Foul Ball, location: 2F 3-2: Strikes out swinging
|
Batting: RHB Adrián Velásquez
|
0-0: SINGLE (Flyball, 9LS)
|
Batting: RHB Harry Payne
|
0-0: Ball Adrián Velásquez steals 2nd base 1-0: Ball 2-0: Ball 3-0: Base on Balls
|
Batting: RHB Thomas English
|
0-0: Fly out, F9 (Flyball, 89S)
|
Batting: SHB Xavier Stout
|
0-0: Ball 1-0: Ball 2-0: Called Strike 2-1: 3-RUN HOME RUN (Flyball, 7LD), Distance : 348 ft
|
Batting: RHB Bob Howard
|
0-0: Called Strike 0-1: Ball 1-1: Ball 2-1: Single, Error in OF, E9, batter to second base
|
Pitching: RHP Ben Crochers
|
|
Batting: RHB Roberto Santos
|
0-0: Called Strike 0-1: Ball 1-1: Ball 2-1: Swinging Strike 2-2: Foul Ball, location: 2F 2-2: Ball 3-2: Fly out, F7 (Flyball, 7S)
|
Bottom of the 4th over - 3 run(s), 3 hit(s), 1 error(s), 1 left on base; Mountain Pointe HS 4 - Fresno HS 8 |
TOP OF THE 5TH |
Mountain Pointe HS batting - Pitching for Fresno HS Red Wings : LHP José Schneider
|
Batting: LHB Benny Lawson
|
0-0: Called Strike 0-1: Called Strike 0-2: Ball 1-2: Fly out, F8 (Line Drive, 8LM)
|
Batting: RHB Reggie Snyder
|
0-0: Ball 1-0: Ball 2-0: Ground out 3-1 (Groundball, 34)
|
Batting: RHB Vicente Correa
|
0-0: Ground out 6-3 (Groundball, 6D)
|
Top of the 5th over - 0 run(s), 0 hit(s), 0 error(s), 0 left on base; Mountain Pointe HS 4 - Fresno HS 8 |
BOTTOM OF THE 5TH |
Fresno HS Red Wings batting - Pitching for Mountain Pointe HS : RHP Ben Crochers
|
Batting: RHB Luis Mata
|
0-0: Called Strike 0-1: Ground out 6-3 (Groundball, 6)
|
Batting: RHB Harvey Willis
|
0-0: Foul Ball, location: 2F 0-1: Ball 1-1: Swinging Strike 1-2: Ball 2-2: Strikes out looking
|
Batting: RHB Drew Rice
|
0-0: Swinging Strike 0-1: Swinging Strike 0-2: Fly out, F7 (Flyball, 78M)
|
Bottom of the 5th over - 0 run(s), 0 hit(s), 0 error(s), 0 left on base; Mountain Pointe HS 4 - Fresno HS 8 |
TOP OF THE 6TH |
Mountain Pointe HS batting - Pitching for Fresno HS Red Wings : LHP José Schneider
|
Pitching: RHP Nolan Inman
|
|
Batting: RHB Bill Wells
|
0-0: Swinging Strike 0-1: Ground out 1-3 (Groundball, 13S)
|
Batting: RHB Richard Bass
|
0-0: Called Strike 0-1: Ball 1-1: Swinging Strike 1-2: SINGLE (Flyball, 9S)
|
Batting: LHB Johnny Beach
|
0-0: Called Strike 0-1: Ball 1-1: Foul Ball, location: 2F 1-2: Ball 2-2: Strikes out swinging
|
Batting: LHB Rob Johnson
|
0-0: Ball Richard Bass is caught stealing 2nd base
|
Top of the 6th over - 0 run(s), 1 hit(s), 0 error(s), 0 left on base; Mountain Pointe HS 4 - Fresno HS 8 |
BOTTOM OF THE 6TH |
Fresno HS Red Wings batting - Pitching for Mountain Pointe HS : RHP Ben Crochers
|
Batting: RHB Adrián Velásquez
|
0-0: Called Strike 0-1: Swinging Strike 0-2: Foul Ball, location: 2F 0-2: Strikes out swinging
|
Batting: RHB Harry Payne
|
0-0: Ball 1-0: Ball 2-0: Ball 3-0: Base on Balls
|
Batting: RHB Thomas English
|
0-0: Foul Ball, location: 2F 0-1: Ball 1-1: Ball 2-1: Fly out, F8 (Flyball, 8RM)
|
Batting: SHB Xavier Stout
|
0-0: Ball 1-0: Called Strike 1-1: Fly out, F9 (Flyball, 9)
|
Bottom of the 6th over - 0 run(s), 0 hit(s), 0 error(s), 1 left on base; Mountain Pointe HS 4 - Fresno HS 8 |
TOP OF THE 7TH |
Mountain Pointe HS batting - Pitching for Fresno HS Red Wings : RHP Nolan Inman
|
Batting: LHB Rob Johnson
|
0-0: Swinging Strike 0-1: Ball 1-1: Ball 2-1: Foul Ball, location: 2F 2-2: Strikes out swinging
|
Batting: LHB Jesús Romero
|
0-0: Called Strike 0-1: Ball 1-1: Ball 2-1: Foul Ball, location: 2F 2-2: Foul Ball, location: 2F 2-2: Ball 3-2: Base on Balls
|
Batting: SHB Jerry Vaughn
|
0-0: Called Strike Throwing error on steal attempt, E2 Jesús Romero to third 0-1: Ball 1-1: Ball 2-1: Ball 3-1: Foul Ball, location: 2F 3-2: Base on Balls
|
Batting: LHB Benny Lawson
|
0-0: Fly out, F8 (Flyball, 8LM) Runner from 3rd tags up, SCORES, no throw
|
Batting: RHB Reggie Snyder
|
0-0: Ball 1-0: Ball 2-0: Ball 3-0: Called Strike 3-1: Fly out, F8 (Line Drive, 8RM)
|
Top of the 7th over - 1 run(s), 0 hit(s), 1 error(s), 1 left on base; Mountain Pointe HS 5 - Fresno HS 8 |
BOTTOM OF THE 7TH |
Fresno HS Red Wings batting - Pitching for Mountain Pointe HS : RHP Ben Crochers
|
Batting: RHB Bob Howard
|
0-0: Ball 1-0: SOLO HOME RUN (Flyball, 7LD), Distance : 346 ft
|
Batting: RHB Roberto Santos
|
0-0: Called Strike 0-1: Ball 1-1: Fly out, F8 (Line Drive, 8LD)
|
Batting: RHB Luis Mata
|
0-0: Called Strike 0-1: Fly out, F3 (Popup, 3L)
|
Batting: RHB Harvey Willis
|
0-0: Ground out 5-3 (Groundball, 56)
|
Bottom of the 7th over - 1 run(s), 1 hit(s), 0 error(s), 0 left on base; Mountain Pointe HS 5 - Fresno HS 9 |
TOP OF THE 8TH |
Mountain Pointe HS batting - Pitching for Fresno HS Red Wings : RHP Nolan Inman
|
Batting: RHB Vicente Correa
|
0-0: Called Strike 0-1: Ball 1-1: Ball 2-1: Swinging Strike 2-2: Foul Ball, location: 2F 2-2: Ball 3-2: Strikes out looking
|
Batting: RHB Bill Wells
|
0-0: Ball 1-0: Fly out, F2 (Popup, 3S)
|
Batting: RHB Richard Bass
|
0-0: Ground out 4-3 (Groundball, 4)
|
Top of the 8th over - 0 run(s), 0 hit(s), 0 error(s), 0 left on base; Mountain Pointe HS 5 - Fresno HS 9 |
BOTTOM OF THE 8TH |
Fresno HS Red Wings batting - Pitching for Mountain Pointe HS : RHP Ben Crochers
|
Batting: RHB Drew Rice
|
0-0: Ground out 5-3 (Groundball, 56)
|
Batting: RHB Adrián Velásquez
|
0-0: Ball 1-0: Fly out, F8 (Flyball, 8RM)
|
Batting: RHB Harry Payne
|
0-0: Swinging Strike 0-1: Ball 1-1: Fly out, F7 (Flyball, 7LM)
|
Bottom of the 8th over - 0 run(s), 0 hit(s), 0 error(s), 0 left on base; Mountain Pointe HS 5 - Fresno HS 9 |
TOP OF THE 9TH |
Mountain Pointe HS batting - Pitching for Fresno HS Red Wings : RHP Nolan Inman
|
Batting: LHB Johnny Beach
|
0-0: Ball 1-0: Ball 2-0: Called Strike 2-1: Ball 3-1: Ground out U3 (Groundball, 3)
|
Batting: LHB Rob Johnson
|
0-0: Called Strike 0-1: Ball 1-1: Swinging Strike 1-2: Strikes out swinging
|
Batting: LHB Jesús Romero
|
0-0: Foul Ball, location: 2F 0-1: Swinging Strike 0-2: Ball 1-2: Ball 2-2: SINGLE (Flyball, 6MD)
|
Pitching: LHP António Muńóz
|
|
Batting: SHB Jerry Vaughn
|
0-0: Ball 1-0: Foul Ball, location: 2F 1-1: SINGLE (Groundball, 6) (infield hit) Jesús Romero to second
|
Pitching: LHP Bob Novak
|
|
Batting: LHB Benny Lawson
|
0-0: Called Strike 0-1: Called Strike 0-2: Hit by Pitch Jesús Romero to third Jerry Vaughn to second
|
Batting: RHB Reggie Snyder
|
0-0: Called Strike 0-1: DOUBLE (Line Drive, 89M) Jesús Romero scores Jerry Vaughn scores Benny Lawson to third
|
Batting: RHB Vicente Correa
|
0-0: Ground out 6-3 (Groundball, 6S)
|
Top of the 9th over - 2 run(s), 3 hit(s), 0 error(s), 2 left on base; Mountain Pointe HS 7 - Fresno HS 9 |
|